 Dungeon Crawl Stone Soup version 0.26-a0-812-g31a745ddcd (webtiles) character file.

Game seed: 15609089554051795982

275 Borgoz the Ruffian (level 6, -13/53 HPs)
             Began as a Ghoul Monk on Dec 6, 2020.
             Mangled by an ogre
             ... wielding a +0 giant club
              (14 damage)
             ... on level 4 of the Dungeon.
             The game lasted 00:03:33 (3652 turns).

Borgoz the Ruffian (Ghoul Monk)                     Turns: 3652, Time: 00:03:34

Health: -13/53     AC:  5    Str: 15    XL:     6   Next: 25%
Magic:  5/5        EV: 12    Int:  5    God:
Gold:   188        SH:  0    Dex: 13    Spells: 5/5 levels left

rFire    + . .     SeeInvis .     - Unarmed
rCold    + + .     Faith    .   (no shield)
rNeg     + + +     Spirit   .   s - +0 ring mail
rPois    ∞         Reflect  .   (no helmet)
rElec    .         Harm     .   k - scarf {rC+ rF+}
rCorr    .         Rampage  .   (no gloves)
MR       .....                  (no boots)
Stlth    +.........             (no amulet)
HPRegen  0.00/turn              (no ring)
MPRegen  0.09/turn              (no ring)

@: attractive, flying
A: rotting body, claws 1, cold resistance 1, negative energy resistance 3,
inhibited regeneration, torment resistance, unbreathing
a: no special abilities


You were on level 4 of the Dungeon.
You visited 1 branch of the dungeon, and saw 4 of its levels.

You collected 188 gold pieces.

Inventory:

Armour
 k - a scarf of resistance (worn)
 s - a +0 ring mail (worn)
Jewellery
 j - an uncursed ring of ice
Scrolls
 a - 6 scrolls of identify {unknown}
 b - 3 scrolls of teleportation {unknown}
 f - 2 scrolls of fog {unknown}
 g - 2 scrolls of remove curse {unknown}
 h - 2 scrolls of fear {unknown}
 l - a scroll of blinking {unknown}
 m - a scroll of noise {unknown}
 o - a scroll of immolation {unknown}
Potions
 c - a potion of brilliance {unknown}
 i - a potion of mutation {unknown}
 n - 2 potions of heal wounds {unknown}
 p - a potion of haste {unknown}
 r - a potion of cancellation {unknown}


   Skills:
 + Level 4.6 Fighting
 * Level 2.5 Armour
 * Level 3.9 Dodging
 - Level 2.1 Stealth
 + Level 4.6 Unarmed Combat


You had 5 spell levels left.
You didn't know any spells.
Your spell library was empty.

Dungeon Overview and Level Annotations

Branches:
Dungeon (4/15)
 Temple: D:4-7

Altars:
Cheibriados
Fedhas
Gozag


Innate Abilities, Weirdness & Mutations

Your body is rotting away.
You thrive by killing the living.
You are immune to poison.
You have sharp fingernails.
Your flesh is cold resistant. (rC+)
You are immune to negative energy. (rN+++)
You do not regenerate when monsters are visible.
You are immune to unholy pain and torment.
You can survive without breathing.


Message History

You claw the ogre!
The ogre is heavily wounded.
The ogre hits you with a +0 giant club!!
Ouch! That really hurt!
* * * LOW HITPOINT WARNING * * *
You are too injured to fight recklessly!
It was a potion of curing.
You feel better. The ogre barely misses you.
You feel better.
You feel better. The ogre misses you.
It was a potion of flight.
You feel very buoyant.
You fly up into the air.
The ogre hits you with a +0 giant club!!
* * * LOW HITPOINT WARNING * * *
It was a potion of attraction.
You feel attractive to monsters. The ogre closely misses you.
The ogre is pulled toward you! The ogre hits you with a +0 giant club!
You die...

#....##.#..≈≈≈≈≈≈≈≈≈......#
##.####.##..≈≈≈≈≈≈≈.......#
##.####.###...≈≈≈.........#
.#.#..............###.....#
...#.##.#######.. #.....#
.....##... ..# ###.###
.########## #.# #.# .#
#O#######.# ## #.@...>...#
###########


You could see an ogre.

Vanquished Creatures
  A scorpion (D:3)
  A bullfrog skeleton (D:4)
  A jelly (D:3)
  3 gnolls (D:3)
  3 adders
  An ooze (D:1)
  A worm (D:2)
  5 dart slugs
  5 leopard geckos
  12 orcs
  4 giant cockroaches
  2 goblins (D:3)
  3 hobgoblins
  4 jackals
  8 kobolds
  2 quokkas
  A ball python (D:1)
  8 bats
  14 frilled lizards
  A leopard gecko skeleton (D:4)
  7 rats
87 creatures vanquished.

Vanquished Creatures (others)
  4 plants (D:3)
4 creatures vanquished.

Grand Total: 91 creatures vanquished

Notes
Turn   | Place    | Note
-------+----------+-------------------------------------------
     0 | D:1      | Borgoz the Ghoul Monk began the quest for the Orb.
     0 | D:1      | Reached XP level 1. HP: 19/19 MP: 0/0
   233 | D:1      | Reached XP level 2. HP: 17/26 MP: 1/1
   731 | D:1      | You fall into a shaft and drop 1 floor!
   851 | D:1      | Reached skill level 1 in Armour
  1038 | D:2      | Reached XP level 3. HP: 24/31 MP: 2/2
  1499 | D:2      | Found a snail-covered altar of Cheibriados.
  1611 | D:2      | Reached XP level 4. HP: 15/40 MP: 3/3
  2260 | D:3      | Reached XP level 5. HP: 41/46 MP: 4/4
  2763 | D:3      | Reached XP level 6. HP: 47/53 MP: 5/5
  3518 | D:4      | Found an opulent altar of Gozag.
  3612 | D:4      | Found a blossoming altar of Fedhas.
  3645 | D:4      | HP: 2/53 [ogre/+0 giant club (27)]
  3652 | D:4      | Mangled by an ogre

Illustrated notes

Levels and vault maps discovered:
D:1:      minmay_arrival_three_doors, layout_loops_corners, wad_floor_pattern_1,
          hangedman_decor_push, minmay_distorted
D:2:      layout_rooms, cheibriados_altar_1
D:3:      layout_basic, minmay_lizard_king
D:4:      layout_loops_ring, lemuel_round_altar, nicolae_gozag_seed_capital,
          marbit_many_paths, fedhas_ov_isle_minmay, uniq_menkaure

Skill      XL: |  1  2  3  4 |
---------------+-------------+-----
Armour         | 1 2 |  2.5
Dodging        | 3 |  3.9
Unarmed Combat | 4 |  4.6
Fighting       | 4 |  4.6
Stealth        | |  2.1

Action                   |  1- 3 |  4- 6 || total
-------------------------+-------+-------++-------
Melee: Unarmed           |   117 |   209 ||   326
       Punch             |     2 |     2 ||     4
  Use: Potion            |       |     5 ||     5
 Stab: Sleeping          |     4 |     2 ||     6
Armor: Scale mail        |    47 |    20 ||    67
       Robe              |     6 |       ||     6
       Ring mail         |       |    43 ||    43
Dodge: Dodged            |    82 |   140 ||   222

Table legend: (Time is in decaauts)
 A = Elapsed time spent in this place.
 B = Non-inter-level travel time spent in this place.
 C = Inter-level travel time spent in this place.
 D = Time resting spent in this place.
 E = Time spent auto-exploring this place.
 F = Levels seen in this place.
 G = Mean time per level.
                   A        B        C        D        E       F      G
               +--------+--------+--------+--------+--------+-----+--------+
         Total |   3630 |   3557 |     73 |    671 |   2284 |   4 |  907.5 |
       Dungeon |   3630 |   3557 |     73 |    671 |   2284 |   4 |  907.5 |
               +--------+--------+--------+--------+--------+-----+--------+

Top non-repeatable levels by time:
     D:3: 1264 daAuts
     D:2: 1116 daAuts
     D:1: 989 daAuts
     D:4: 259 daAuts
